 Dungeon Crawl Stone Soup version 0.20-a0-1116-gaa52201 (webtiles) character file.

4337 namelastname112 the Martial Artist (level 10, -4/86 HPs)
             Began as a Purple Draconian Monk on May 7, 2017.
             Was a Priest of Wu Jian.
             Slain by a two-headed ogre
             ... wielding a +0 giant club
              (18 damage)
             ... on level 8 of the Dungeon.
             The game lasted 00:15:30 (6998 turns).

namelastname112 the Martial Artist (DrMo)           Turns: 6998, Time: 00:15:31

Health: -4/86      AC: 10    Str: 17    XL:     10   Next: 12%
Magic:  10/10      EV: 16    Int: 13    God:    Wu Jian [***...]
Gold:   353        SH:  0    Dex: 16    Spells: 9/9 levels left

rFire    . . .     SeeInvis .     - Unarmed
rCold    . . .     Gourm    .   (no shield)
rNeg     . . .     Faith    .   (armour unavailable)
rPois    .         Spirit   .   u - +1 hat
rElec    .         Reflect  .   (no cloak)
rCorr    .         Harm     .   (no gloves)
MR       ++...                  (no boots)
Stlth    ++........             x - amulet of the Cockroach {Regen+ Str+3}
Regen    0.7/turn               E - +2 ring of protection
MPRegen  0.2/turn               s - ring of protection from magic

@: no status effects
A: breathe power, unfitting armour, antennae 1, clever 1, cold-blooded, AC +7
a: Breathe Dispelling Energy, Renounce Religion


You were on level 8 of the Dungeon.
You worshipped Wu Jian.
Wu Jian was most pleased with you.
You were not hungry.

You visited 2 branches of the dungeon, and saw 9 of its levels.
You also visited: Sewer and Ossuary.

You collected 353 gold pieces.

Inventory:

Missiles
 p - 7 throwing nets (quivered)
Armour
 u - a +1 hat (worn)
Jewellery
 b - an uncursed ring of protection from fire
 g - an uncursed ring of protection from cold
 s - a ring of protection from magic (right hand)
 x - the amulet of the Cockroach (around neck) {Regen+ Str+3}
   (You found it on level 5 of the Dungeon)

   [amulet of regeneration]

   It affects your strength (+3).
   It increases your rate of regeneration.
 C - an uncursed ring of wizardry
 E - a +2 ring of protection (left hand)
Wands
 c - a wand of iceblast (7/15)
 h - a wand of acid (2/15)
 o - a wand of digging (9/24)
 y - a wand of random effects (26/48)
Scrolls
 d - a scroll of enchant weapon
 f - 6 scrolls of teleportation
 i - 2 scrolls of recharging
 k - 2 scrolls of identify
 r - a scroll of blinking
 t - 2 scrolls of remove curse
 z - a scroll of immolation {unknown}
Potions
 e - 2 potions of heal wounds
 l - a potion of flight
 m - 2 potions of curing
 q - 3 potions of haste
 v - 5 potions of might
 A - a potion of magic
 B - a potion of brilliance
 G - a potion of resistance
Books
 D - a Young Poisoner's Handbook

   Spells                             Type                      Level
   a - Sting                          Conjuration/Poison           1
   b - Poisonous Vapours              Poison/Air                   2
   c - Mephitic Cloud                 Conjuration/Poison/Air       3
   d - Olgreb's Toxic Radiance        Poison                       4
   e - Venom Bolt                     Conjuration/Poison           5
 I - a book of Callings

   Spells                             Type                      Level
   a - Summon Small Mammal            Summoning                    1
   b - Call Imp                       Summoning                    2
   c - Call Canine Familiar           Summoning                    3
   d - Summon Guardian Golem          Hexes/Summoning              3
   e - Summon Lightning Spire         Summoning/Air                4
   f - Summon Ice Beast               Ice/Summoning                4
Comestibles
 a - 5 bread rations
 j - 6 fruits
 n - 3 meat rations
 F - a royal jelly


   Skills:
 + Level 7.0 Fighting
 + Level 5.8 Dodging
 - Level 1.7 Stealth
 + Level 12.4 Unarmed Combat


You had 9 spell levels left.
You didn't know any spells.

Dungeon Overview and Level Annotations

Branches:
Dungeon (8/15)             Temple (1/1) D:5
   Lair: D:8-11

Altars:
Ashenzari
Cheibriados
Dithmenos
Elyvilon
Fedhas
Gozag
Hepliaklqana
Kikubaaqudgha
Makhleb
Nemelex Xobeh
Okawaru
Qazlal
Ru
Sif Muna
Trog
Uskayaw
Vehumet
Wu Jian
Xom
Yredelemnul
Zin
The Shining One


Innate Abilities, Weirdness & Mutations

You can breathe bolts of dispelling energy.
Your rich purple scales are hard. (AC +7)
You cannot fit into any form of body armour.
You are cold-blooded and may be slowed by cold attacks.
You have a pair of small antennae on your head.
Your mind is acute. (Int +2)


Message History

Aim: a two-headed ogre, wielding a giant club and a great mace (lightly wounded)
The bolt of acid hits the two-headed ogre.
The two-headed ogre is splashed with acid.
The two-headed ogre is moderately wounded.
Evoking this partially-identified wand wasted a few charges.
The two-headed ogre hits you with a giant club.
The two-headed ogre hits you with a great mace!
You take 19 damage, and have 26/86 hp.
MASSIVE DAMAGE!!
Evoke which item? (* to show all) (? for menu, Esc to quit)
Aiming: Corrosive Bolt (will waste charges)
Press: ? - help, Shift-Dir - straight line, f/p - two-headed ogre
Aim: a two-headed ogre, wielding a giant club and a great mace (moderately wounded)
The bolt of acid hits the two-headed ogre.
The two-headed ogre is splashed with acid.
The two-headed ogre is heavily wounded.
Evoking this partially-identified wand wasted a few charges.
The two-headed ogre hits you with a giant club!
* * * LOW HITPOINT WARNING * * *
The two-headed ogre hits you with a great mace!!
You die...

.# #..[...............# .#
#####.###########..# .#
#......# #..# .#
######.######..# .#
#.........# .###########
##############.##
....<......# #.>.........
..#
.....#####.######.....#....
.## .###.#
#......O@.......# #. .# #.#
#..######.....## #. .# #.#
#..# #.....# #. .# #.# #..#
###.### .# ####.##
#.<########.#########.#
......#
#..........#........#.#
####..#
#.#########.#######.#.#
#..# #.# #.# #.[..# #..#
#.# #.# ###....##


You could see a two-headed ogre.

Vanquished Creatures
  A two-headed ogre (D:8)
  Grinder (D:6)
  Prince Ribbit (D:7)
  Sigmund (D:6)
  A wyvern (D:8)
  Eustachio (D:5)
  Menkaure (D:4)
  Edmund (D:6)
  Duvessa (D:6)
  2 orc warriors
  3 sky beasts
  2 phantoms (D:8)
  3 ogres
  Blork the orc (D:4)
  A bullfrog (D:8)
  Dowan (D:6)
  A wyvern skeleton (D:6)
  3 scorpions
  4 killer bees (D:8)
  2 howler monkeys (D:8)
  A centaur zombie (Ossuary)
  A crimson imp (D:6)
  A bullfrog zombie (D:5)
  3 hounds
  5 orc priests
  An iguana (D:6)
  5 orc wizards
  2 worker ants
  3 big kobold zombies (Ossuary)
  4 mummies (Ossuary)
  3 worker ant zombies
  7 gnolls
  9 adders
  A howler monkey skeleton (D:6)
  2 river rats (Sewer)
  An adder zombie (D:5)
  An adder skeleton (D:5)
  3 worms
  2 dart slugs
  5 leopard geckos
  26 orcs
  5 ball pythons
  10 giant cockroaches
  7 hobgoblins
  12 jackals
  2 quokkas (D:3)
  11 bats
  12 frilled lizards
  A giant cockroach zombie (D:5)
  A goblin (D:1)
  2 hobgoblin zombies (Ossuary)
  A jackal zombie (D:7)
  5 kobolds
  A leopard gecko skeleton (D:5)
  10 rats
198 creatures vanquished.

Notes
Turn   | Place    | Note
-------+----------+-------------------------------------------
     0 | D:1      | namelastname112 the Draconian Monk began the quest for the Orb.
     0 | D:1      | Reached XP level 1. HP: 19/19 MP: 1/1
   209 | D:1      | Reached XP level 2. HP: 25/26 MP: 2/2
   781 | D:2      | Reached skill level 4 in Unarmed Combat
  1047 | D:2      | Reached XP level 3. HP: 31/31 MP: 3/3
  1538 | D:2      | Reached XP level 4. HP: 36/38 MP: 4/4
  1655 | D:3      | Reached skill level 5 in Unarmed Combat
  1984 | D:3      | Reached XP level 5. HP: 35/45 MP: 5/5
  2116 | D:3      | Reached skill level 6 in Unarmed Combat
  2340 | D:4      | Found a sand-covered staircase.
  2360 | Ossuary  | Entered an ossuary
  2590 | Ossuary  | Reached XP level 6. HP: 43/51 MP: 6/6
  2630 | Ossuary  | Reached skill level 7 in Unarmed Combat
  2738 | D:4      | Noticed Blork the orc
  2769 | D:4      | Killed Blork the orc
  2953 | D:4      | Noticed Menkaure
  3064 | D:4      | You fall through a shaft!
  3064 | D:5      | Entered Level 5 of the Dungeon
  3722 | D:4      | Killed Menkaure
  3722 | D:4      | Reached skill level 8 in Unarmed Combat
  3722 | D:4      | Your scales start taking on a rich purple colour.
  3722 | D:4      | Reached XP level 7. HP: 25/57 MP: 7/7
  3897 | D:4      | Found a sacrificial altar of Ru.
  4076 | D:5      | Found a shattered altar of Ashenzari.
  4080 | D:5      | Got a steaming ruby amulet
  4081 | D:5      | Identified the amulet of the Cockroach {Regen+ Str+3} (You found it on level 5 of the Dungeon)
  4200 | D:5      | Noticed Eustachio
  4290 | D:5      | Killed Eustachio
  4290 | D:5      | Reached skill level 9 in Unarmed Combat
  4434 | D:5      | Reached XP level 8. HP: 54/63 MP: 8/8
  4438 | D:5      | Gained mutation: You have a pair of small antennae on your head. [mutagenic meat]
  4448 | D:5      | Found a staircase to the Ecumenical Temple.
  4514 | Temple   | Entered the Ecumenical Temple
  4561 | Temple   | Became a worshipper of the Wu Jian Council
  4561 | Temple   | Reached * piety under Wu Jian
  4561 | Temple   | Reached ** piety under Wu Jian
  4679 | D:6      | Noticed Edmund
  4717 | D:6      | Killed Edmund
  4717 | D:6      | Reached skill level 10 in Unarmed Combat
  4735 | D:6      | Found a glowing drain.
  4751 | Sewer    | Entered a sewer
  5268 | D:6      | Noticed Grinder
  5293 | D:6      | Killed Grinder
  5293 | D:6      | Reached skill level 11 in Unarmed Combat
  5605 | D:6      | Noticed Sigmund
  5606 | D:6      | Noticed Duvessa
  5607 | D:6      | Noticed Dowan
  5616 | D:6      | Killed Duvessa
  5616 | D:6      | Reached *** piety under Wu Jian
  5621 | D:6      | Killed Sigmund
  5621 | D:6      | Reached XP level 9. HP: 50/72 MP: 9/9
  5623 | D:6      | Killed Dowan
  5965 | D:7      | Noticed Prince Ribbit
  5972 | D:7      | Killed Prince Ribbit
  5972 | D:7      | Reached skill level 5 in Fighting
  6421 | D:7      | Lost mutation: You have a pair of small antennae on your head. [potion of mutation]
  6421 | D:7      | Gained mutation: You have a pair of small antennae on your head. [potion of mutation]
  6421 | D:7      | Gained mutation: Your mind is acute. (Int +2) [potion of mutation]
  6533 | D:8      | Reached skill level 12 in Unarmed Combat
  6707 | D:8      | Reached skill level 5 in Dodging
  6722 | D:8      | Noticed a two-headed ogre
  6739 | D:8      | Killed a two-headed ogre
  6762 | D:8      | Reached XP level 10. HP: 58/84 MP: 10/10
  6902 | D:8      | Noticed a two-headed ogre
  6998 | D:8      | Slain by a two-headed ogre

Vault maps used:
D:1:      dpeg_arrival_tiny_a
D:2:      first_bread
D:4:      lightli_ossuary_entry_decrepit_ruins, hangedman_ru_absence,
          uniq_blork_the_orc, uniq_menkaure
D:5:      cheibrodos_ashenzari_chains, minmay_temple_entry_trees, uniq_eustachio
D:6:      cheibrodos_sewer_entry_bend, uniq_sigmund, uniq_duvessa, uniq_grinder,
          uniq_edmund
D:7:      uniq_prince_ribbit1
Temple:   grunt_wide_crystal_templ
Sewer:    sewer_co_cracked_pipes
Ossuary:  ossuary_the_hunt_dpeg

Skill      XL: |  1  2  3  4  5  6  7  8  9 10 |
---------------+-------------------------------+-----
Unarmed Combat | 4 5 6 8 9 11 12 | 12.4
Dodging        | 3 5 |  5.8
Fighting       | 4 6 7 |  7.0
Stealth        | |  1.7

Action                   |  1- 3 |  4- 6 |  7- 9 | 10-12 || total
-------------------------+-------+-------+-------+-------++-------
Melee: Unarmed           |   152 |   226 |   430 |    41 ||   849
       Tailslap          |    18 |    35 |    62 |     4 ||   119
       Punch             |     1 |    11 |    22 |     4 ||    38
Throw: Throwing net      |       |     1 |       |       ||     1
 Abil: Breathe Dispellin |       |       |     9 |     1 ||    10
Evoke: Wand              |       |     2 |     1 |     3 ||     6
  Use: Potion            |     1 |     3 |     2 |       ||     6
       Scroll            |       |     1 |    15 |       ||    16
 Stab: Sleeping          |     2 |     3 |     7 |       ||    12
       Held in net/web   |       |     2 |       |       ||     2
  Eat: Chunk             |     2 |     3 |    12 |     1 ||    18
       Meat ration       |       |     1 |       |       ||     1
Armor: Skin              |    51 |    53 |    83 |     8 ||   195
Dodge: Dodged            |   140 |   112 |   245 |    26 ||   523
